Map: Одиссея РВ

Players

ИИ 1 (ученик) - Winner!

  • Race: Terran Terran
  • Spawn Location: 5:00

Doll

  • Race: Zerg Zerg
  • Spawn Location: 11:00

VOD

Have the link to the VOD?

Description

Time

  • Played on: Oct. 3, 2022, 7:58 a.m.
  • Length: 12:05
Show
View Real Time Build Order
Export as new Build Order

ИИ 1 (ученик) Terran - Winner!

Build Orders: Cyclone Opening 

Get SALT Encoding   

  12  0:00  SCV  
  13  0:13  SCV  
  14  0:19  Supply Depot  
  14  0:25  SCV  
  15  0:40  SCV  
  16  0:44  Barracks  
  16  0:46  Refinery  
  16  0:53  SCV  
  16  0:55  Refinery  
  17  1:05  SCV  
  18  1:17  SCV  
  19  1:31  Marine  
  20  1:33  Supply Depot, Orbital Command  
  20  1:47  Factory  
  20  1:49  Reaper  
  21  1:59  SCV  
  22  2:11  SCV  
  23  2:21  Marine  
  24  2:23  SCV  
  25  2:31  Command Center  
  25  2:35  SCV  
  26  2:39  Factory Tech Lab  
  26  2:43  Barracks Reactor  
  26  2:47  SCV  
  27  2:56  Supply Depot  
  27  2:59  SCV, Cyclone  
  31  3:11  SCV  
  31  3:16  Starport  
  31  3:23  SCV  
  32  3:33  Factory  
  32  3:35  SCV  
  32  3:40  Siege Tank  
  36  3:47  SCV  
  37  3:49  SCV  
  37  3:52  Bunker  
  37  3:53  Medivac  
  40  3:59  Refinery  
  40  4:00  SCV  
  40  4:01  SCV  
  42  4:12  SCV  
  42  4:14  SCV  
  44  4:20  Supply Depot  
  44  4:21  Marine  
  44  4:22  Marine  
  44  4:24  SCV  
  47  4:26  SCV  
  48  4:33  Siege Tank  
  48  4:34  Factory Tech Lab  
  48  4:36  SCV, Starport Tech Lab  
  48  4:38  SCV  
  53  4:47  Marine  
  53  4:48  Barracks, SCV  
  53  4:49  Marine  
  53  4:50  Orbital Command  
  56  4:55  Supply Depot  
  56  5:00  Viking, SCV  
  56  5:05  Marine  
  56  5:06  Marine  
  60  5:10  Supply Depot  
  60  5:12  SCV  
  62  5:17  SCV  
  60  5:23  Marine  
  60  5:24  Marine, SCV  
  60  5:28  Cyclone  
  64  5:29  SCV  
  64  5:30  Viking  
  64  5:34  Barracks Tech Lab  
  64  5:36  Siege Tank, SCV  
  64  5:47  Command Center  
  64  5:49  SCV  
  69  5:50  SCV  
  69  5:53  Marine  
  69  5:54  Marine  
  72  6:00  Raven  
  72  6:01  Siege Tank, SCV  
  78  6:05  Supply Depot  
  78  6:26  Barracks, Siege Tank, SCV  
  78  6:27  Marine x2, SCV  
  85  6:34  Starport  
  85  6:39  SCV, Supply Depot  
  86  6:59  Siege Tank x2, SCV x3  
  86  7:00  Marine x3  
  98  7:11  SCV  
  98  7:12  Marine, SCV x2  
  98  7:13  Bunker  
  102  7:16  Refinery  
  102  7:19  Supply Depot, Starport Tech Lab  
  102  7:22  Refinery  
  102  7:23  SCV  
  102  7:24  SCV x2  
  102  7:25  Refinery  
  102  7:29  Raven  
  107  7:35  SCV  
  107  7:36  SCV  
  109  7:41  Siege Tank, SCV  
  109  7:43  Supply Depot  
  113  7:47  SCV  
  113  7:48  SCV  
  113  7:51  Raven  
  117  8:04  Barracks  
  117  8:05  Marine, Siege Tank, SCV x3  
  123  8:07  Supply Depot  
  123  8:09  Command Center  
  124  8:17  SCV  
  125  8:25  Orbital Command  
  125  8:29  Marine, Siege Tank, SCV  
  125  8:31  Supply Depot  
  130  8:36  Factory  
  130  8:37  Siege Tank  
  130  8:41  Starport, Barracks Tech Lab  
  133  8:51  Stimpack, Barracks Tech Lab  
  133  8:52  Marine x3, Viking  
  133  8:55  Supply Depot  
  138  8:59  Marine  
  139  9:05  Ghost Academy  
  139  9:10  Marine x2, Engineering Bay  
  139  9:14  Armory  
  139  9:16  Siege Tank  
  144  9:19  Barracks  
  144  9:23  Supply Depot  
  144  9:29  Refinery  
  144  9:35  Ghost, Fusion Core, Starport Reactor, Command Center  
  144  9:36  Terran Infantry Weapons Level 1  
  146  9:44  Personal Cloaking  
  146  9:48  Refinery  
  146  9:51  Combat Shield  
  146  9:53  Marauder  
  146  9:55  Engineering Bay, Marauder, Factory Tech Lab  
  146  9:58  Concussive Shells  
  119  10:04  Marauder, Terran Vehicle Weapons Level 1  
  119  10:05  Barracks Tech Lab  
  120  10:16  Ghost  
  122  10:22  Missile Turret  
  122  10:26  Armory  
  122  10:27  Medivac  
  124  10:29  Missile Turret  
  124  10:31  Missile Turret  
  124  10:32  Missile Turret  
  124  10:36  Bunker  
  124  10:37  Thor  
  124  10:39  Marauder, SCV  
  124  10:40  Barracks  
  124  10:41  Missile Turret  
  133  10:43  Banshee  
  133  10:44  SCV, Missile Turret  
  133  10:49  Ghost  
  139  11:00  Refinery  
  139  11:02  Refinery  
  139  11:03  Medivac  
  139  11:04  Sensor Tower  
  141  11:06  Sensor Tower  
  141  11:08  Bunker  
  141  11:11  Sensor Tower  
  141  11:15  Sensor Tower  
  141  11:17  Cyclone  
  139  11:22  Ghost  
  139  11:28  Barracks Tech Lab  
  139  11:32  Marine  
  139  11:34  Medivac  
  139  11:36  Marine, Marauder  
  143  11:43  Missile Turret  
  143  11:44  Missile Turret  
  149  11:48  SCV  
  149  11:51  Missile Turret  
  149  11:54  Missile Turret  
  156  11:56  Missile Turret  
  156  11:58  Missile Turret  
  166  12:02  Supply Depot  
Show
View Real Time Build Order
Export as new Build Order

Doll Zerg 

Build Orders: Hatch First 

Get SALT Encoding   

  12  0:00  Drone  
  13  0:13  Overlord  
  13  0:18  Drone  
  14  0:32  Drone x2  
  17  0:35  Drone  
  17  0:54  Hatchery  
  17  0:56  Drone  
  17  1:00  Extractor  
  17  1:01  Drone  
  17  1:19  Drone  
  17  1:20  Spawning Pool  
  17  1:23  Drone  
  18  1:29  Drone  
  19  1:50  Overlord  
  19  2:09  Drone  
  19  2:10  Queen x2  
  19  2:12  Zergling x2  
  25  2:17  Zergling x2  
  26  2:23  Drone  
  26  2:24  Metabolic Boost  
  26  2:28  Drone  
  28  2:34  Drone  
  29  2:38  Drone  
  29  2:43  Spine Crawler  
  29  2:49  Drone x2  
  31  2:54  Drone  
  31  2:58  Queen  
  32  3:01  Overlord  
  34  3:24  Roach Warren  
  34  3:25  Overlord  
  33  3:27  Queen  
  33  3:32  Drone x2  
  33  3:33  Extractor, Drone x3  
  39  3:38  Drone  
  39  3:39  Drone x2  
  42  3:42  Drone  
  43  3:49  Overlord  
  43  3:54  Queen  
  45  4:05  Roach x3  
  45  4:09  Roach  
  53  4:10  Roach  
  53  4:12  Roach  
  53  4:15  Roach  
  59  4:21  Lair  
  59  4:27  Overlord  
  59  4:29  Overlord  
  59  4:37  Spine Crawler  
  42  5:51  Drone x4  
  42  5:52  Drone x2  
  42  5:56  Glial Reconstitution  
  48  5:58  Overseer  
  48  5:59  Baneling Nest  
  48  6:00  Pneumatized Carapace, Overseer  
  48  6:04  Drone x2  
  48  6:05  Overlord  
  48  6:10  Drone x2  
  48  6:11  Drone  
  52  6:18  Extractor  
  52  6:19  Drone  
  52  6:20  Extractor, Drone x2  
  52  6:21  Hatchery  
  52  6:25  Drone  
  52  6:27  Evolution Chamber  
  52  6:31  Drone  
  53  6:37  Drone  
  54  6:44  Zergling x4  
  54  6:45  Zergling x2  
  54  6:46  Zergling x4  
  59  6:48  Hydralisk Den  
  59  6:53  Centrifugal Hooks  
  58  6:55  Zergling x2  
  58  6:58  Zergling x2  
  58  7:00  Queen  
  62  7:02  Queen  
  62  7:04  Baneling  
  62  7:05  Baneling x9  
  62  7:07  Zergling x2  
  62  7:08  Zergling x2  
  66  7:13  Drone  
  66  7:14  Drone x2  
  66  7:15  Drone  
  70  7:22  Drone, Infestation Pit  
  70  7:27  Zergling x2  
  70  7:29  Zergling x2  
  72  7:34  Zergling x2  
  73  7:37  Baneling x8  
  73  7:38  Zergling x2  
  73  7:42  Drone x4  
  78  7:44  Drone  
  78  7:49  Zergling x2  
  80  7:52  Zerg Ground Armor Level 1  
  80  7:53  Zergling x2  
  80  7:56  Drone  
  80  7:57  Hatchery  
  81  8:01  Drone  
  81  8:05  Zergling x2  
  83  8:09  Zergling x4  
  83  8:10  Zergling x4  
  83  8:11  Zergling x2  
  83  8:12  Hatchery  
  87  8:16  Overlord  
  87  8:17  Overlord  
  87  8:22  Drone  
  87  8:25  Baneling x11  
  87  8:26  Baneling x3  
  88  8:29  Overlord  
  88  8:30  Overseer  
  88  8:33  Zergling x2  
  89  8:34  Drone  
  89  8:39  Zergling x10  
  95  8:42  Zergling x2  
  95  8:43  Baneling x10  
  96  8:48  Drone  
  96  8:52  Drone  
  96  8:53  Drone  
  99  8:55  Evolution Chamber  
  99  8:59  Drone  
  99  9:01  Drone  
  100  9:04  Spire, Drone  
  100  9:09  Drone x4  
  104  9:10  Overlord  
  104  9:13  Drone  
  104  9:16  Hatchery, Zergling x2  
  105  9:17  Baneling x14  
  105  9:21  Zerg Melee Weapons Level 1  
  105  9:26  Extractor  
  105  9:27  Extractor  
  105  9:29  Drone x5  
  108  9:34  Hydralisk x2  
  108  9:35  Hydralisk  
  108  9:37  Drone x2  
  108  9:38  Drone x2  
  118  9:44  Extractor  
  118  9:45  Hydralisk x2  
  117  9:47  Extractor  
  117  9:48  Drone x3  
  117  9:51  Hydralisk  
  123  9:58  Hydralisk  
Tags
 
Add a new tag
Caveats
  • Supply blocks, unpowered buildings, or Contaminate may cause inaccurate times.
  • Supply counts are checked every 10 seconds.